[Event "Titled Tuesday Blitz April 26 Late 2022"]
[White "Needleman, Alejandro"]
[Black "Sernecki, Franciszek"]
[WhiteFideId "100730"]
[BlackFideId "1169297"]
[WhiteElo "2336"]
[BlackElo "2165"]
[Result "0-1"]
[Round "04"]
[TimeControl "180+1"]
[Date "2022.04.26"]
[WhiteClock "0:00:20"]
[BlackClock "0:00:09"]

1. e4 c6 2. d4 d5 3. Nc3 dxe4 4. Nxe4 Nd7 5. Bc4 Ngf6 6. Nxf6+ Nxf6 7. c3 Qc7 8. Nf3 Bf5 9. O-O e6 10. Ne5 Bd6 11. Bf4 O-O 12. Qe2 c5 13. dxc5 Qxc5 14. Bb3 Rfd8 15. h3 a5 16. a4 Nd5 17. Bxd5 Qxd5 18. Rfd1 Qc5 19. Bg3 Qc7 20. Rd2 f6 21. Nf3 Bxg3 22. fxg3 Rxd2 23. Qxd2 Qxg3 24. Nd4 Bxh3 25. Qf2 Qxf2+ 26. Kxf2 Bg4 27. Re1 Kf7 28. Nb3 e5 29. Re4 Bd7 30. Nc5 Bc6 31. Rc4 Rd8 32. Nxb7 Bxb7 33. Rc7+ Kg6 34. Rxb7 Rd2+ 35. Kf3 f5 36. b4 Rd3+ 37. Ke2 Rxc3 38. bxa5 Rc2+ 39. Kf3 Rc3+ 40. Ke2 Rc4 41. Rb5 e4 42. Rb6+ Kg5 43. Rb7 Kh6 44. a6 Rxa4 45. a7 Kg6 46. Rb6+ Kh5 47. Rb7 Kh6 48. Ke3 g5 49. g4 fxg4 50. Kf2 Kh5 51. Rxh7+ Kg6 52. Re7 Kf5 53. Rf7+ Ke6 54. Rb7 Ke5 55. Rg7 Kf6 56. Rb7 Ra3 57. Rb4 Kf5 58. Rb5+ Kf4 59. Rb7 Ra2+ 60. Kf1 g3 61. Rf7+ Kg4 62. Kg1 e3 63. Re7 e2 64. Rxe2 Ra1+ 65. Kg2 Rxa7 66. Rd2 Ra4 67. Re2 Rf4 68. Rd2 Rf2+ 69. Rxf2 gxf2 70. Kxf2 Kh3 71. Kg1 g4 72. Kh1 g3 73. Kg1 g2 74. Kf2 Kh2 75. Kf3 g1=Q 76. Kf4 Qd4+ 77. Kf5 Kh3 78. Ke6 Kg4 79. Kf7 Kg5 80. Ke6 Kf4 81. Kf7 Qd6 82. Kg7 Kf5 83. Kh8 Kg6 84. Kg8 Qb8# 0-1


[Site "https://www.chess.com"]

[Event "Titled Tuesday Blitz April 26 Late 2022"]
[White "Nozdrachev, Leonid"]
[Black "Rosenberg, Evan S"]
[WhiteFideId "24113433"]
[BlackFideId "2019299"]
[WhiteElo "2242"]
[BlackElo "2342"]
[Result "1-0"]
[Round "04"]
[TimeControl "180+1"]
[Date "2022.04.26"]
[WhiteClock "0:01:48"]
[BlackClock "0:00:38"]

1. e4 e5 2. Nf3 Nc6 3. Bc4 Nf6 4. d4 exd4 5. O-O Nxe4 6. Re1 d5 7. Bxd5 Qxd5 8. Nc3 Qh5 9. Nxe4 Be6 10. Bg5 Bd6 11. Nxd6+ cxd6 12. Bf4 Qd5 13. c4 Qf5 14. Bxd6 O-O-O 15. c5 d3 16. b4 a6 17. Qd2 h6 18. a4 Bd5 19. Re3 Rxd6 20. cxd6 Qf6 21. Rc1 Kb8 22. Rxd3 Bxf3 23. Rxf3 Qe6 24. b5 axb5 25. axb5 Ne5 26. Re3 Qf6 27. Qc3 Ng4 28. Qc7+ Ka8 29. Ra3# 1-0


[Site "https://www.chess.com"]

[Event "Titled Tuesday Blitz April 26 Late 2022"]
[White "Ohanyan, Emin"]
[Black "Vasquez Schroeder, Rodrigo"]
[WhiteFideId "13312022"]
[BlackFideId "3400042"]
[WhiteElo "1927"]
[BlackElo "2561"]
[Result "0-1"]
[Round "04"]
[TimeControl "180+1"]
[Date "2022.04.26"]
[WhiteClock "0:00:03"]
[BlackClock "0:00:57"]

1. e4 c5 2. Nf3 d6 3. d4 cxd4 4. Nxd4 Nf6 5. Nc3 a6 6. Bg5 e6 7. Qd3 Nbd7 8. O-O-O h6 9. Bh4 b5 10. f4 Bb7 11. a3 Qb6 12. Bxf6 Nxf6 13. f5 e5 14. Nde2 Rc8 15. Qf3 h5 16. h3 h4 17. g4 hxg3 18. Nxg3 Rh4 19. Bg2 b4 20. axb4 Qxb4 21. Rd3 Rb8 22. Na2 Qa5 23. Ra3 Qc7 24. Rc3 Qb6 25. Rb3 Qa7 26. Rd1 Be7 27. Bf1 Kf8 28. Nc3 Bc6 29. Rxb8+ Qxb8 30. Bxa6 Rxh3 31. Rh1 Rxh1+ 32. Qxh1 Kg8 33. Bc4 Qb4 34. Qf1 Ng4 35. Qd3 Qa5 36. Kb1 Nf6 37. Nge2 Qa8 38. Ng3 Qb7 39. Nd5 Bxd5 40. Bxd5 Qa7 41. Ne2 Kf8 42. Nc3 Bd8 43. Bb3 Qc5 44. Qc4 Qxc4 45. Bxc4 Ba5 46. Nd5 Nxe4 47. b4 Bd8 48. b5 Nc5 49. Ka2 Nd7 50. Kb3 g6 51. fxg6 f5 52. Bf1 Kg7 53. Bh3 Kxg6 54. Ne3 Nc5+ 55. Kc4 f4 56. Nd5 f3 57. b6 e4 58. Kd4 Kg5 59. b7 Nxb7 60. Kxe4 f2 61. Bf1 Kg4 62. Ke3 Kg3 63. Nc3 Bb6+ 64. Ke2 Nc5 65. Nd1 Ne4 66. Kd3 Kf3 67. Be2+ Kf4 68. Bf1 Ng3 69. Bg2 f1=Q+ 70. Bxf1 Nxf1 71. Nc3 Ne3 72. Nb5 Nf5 73. c4 Ke5 74. Nc3 Ng3 75. Nd5 Bc5 76. Nc7 Nh5 77. Nd5 Nf4+ 0-1


[Site "https://www.chess.com"]

[Event "Titled Tuesday Blitz April 26 Late 2022"]
[White "Omariev, Maksim"]
[Black "Horcajuelo Rocamora, Martin"]
[WhiteFideId "4193423"]
[BlackFideId "24573027"]
[WhiteElo "2491"]
[BlackElo "1822"]
[Result "1-0"]
[Round "04"]
[TimeControl "180+1"]
[Date "2022.04.26"]
[WhiteClock "0:00:12"]
[BlackClock "0:01:38"]

1. g4 d5 2. Bg2 c6 3. h3 g6 4. d4 Bg7 5. c3 Nf6 6. Nf3 Nbd7 7. Bf4 O-O 8. Nbd2 Re8 9. Ne5 Nxe5 10. Bxe5 Nd7 11. Bxg7 Kxg7 12. f4 Qc7 13. e3 Nf8 14. h4 f6 15. g5 Bf5 16. Qe2 b5 17. Rh2 Kg8 18. Nf3 Bg4 19. Qd2 e5 20. dxe5 Bxf3 21. Bxf3 fxe5 22. O-O-O Ne6 23. h5 exf4 24. hxg6 hxg6 25. Rdh1 fxe3 26. Rh8+ Kf7 27. R1h7+ Ng7 28. Bxd5+ Ke7 29. Qxe3+ Kd6 30. Qg3+ Kxd5 31. Qxc7 1-0


[Site "https://www.chess.com"]

[Event "Titled Tuesday Blitz April 26 Late 2022"]
[White "Oparin, Grigoriy"]
[Black "Fedoseev, Vladimir"]
[WhiteFideId "24125890"]
[BlackFideId "24130737"]
[WhiteElo "2665"]
[BlackElo "2726"]
[Result "1-0"]
[Round "04"]
[TimeControl "180+1"]
[Date "2022.04.26"]
[WhiteClock "0:01:15"]
[BlackClock "0:00:29"]

1. d4 Nf6 2. Nf3 e6 3. c4 b6 4. g3 Ba6 5. b3 d5 6. Bg2 c6 7. Nbd2 Nbd7 8. Bb2 Be7 9. O-O O-O 10. Qc2 Rc8 11. e4 c5 12. exd5 exd5 13. Qf5 dxc4 14. Nxc4 Bxc4 15. bxc4 cxd4 16. Nxd4 Rc5 17. Qf4 Rxc4 18. Rac1 Ra4 19. Qf5 Nb8 20. Rfd1 Qd7 21. Qc2 Rxa2 22. Nc6 Qe8 23. Nxe7+ Qxe7 24. Bxf6 Qa3 25. Be7 Rxc2 26. Bxa3 Rxc1 27. Rxc1 Re8 28. Bd5 Na6 29. Bb7 Nb8 30. Rc7 1-0


[Site "https://www.chess.com"]

[Event "Titled Tuesday Blitz April 26 Late 2022"]
[White "Papp, Petra"]
[Black "Kamsky, Gata"]
[WhiteFideId "739049"]
[BlackFideId "2000024"]
[WhiteElo "2259"]
[BlackElo "2645"]
[Result "0-1"]
[Round "04"]
[TimeControl "180+1"]
[Date "2022.04.26"]
[WhiteClock "0:00:01"]
[BlackClock "0:00:41"]

1. e4 c6 2. d4 d5 3. Nd2 g6 4. Ngf3 Bg7 5. c3 dxe4 6. Nxe4 Bf5 7. Bd3 Nd7 8. O-O Bxe4 9. Bxe4 Ngf6 10. Bc2 O-O 11. Re1 e6 12. Ne5 Nd5 13. Nxd7 Qxd7 14. Qf3 b5 15. Bf4 Nxf4 16. Qxf4 a5 17. h4 b4 18. h5 Rfc8 19. Qg4 Rab8 20. hxg6 hxg6 21. Bb3 Re8 22. Re3 Re7 23. Rae1 Rbe8 24. Qg5 Qc7 25. g3 Ra8 26. Ba4 Qd6 27. Re4 Kf8 28. c4 Rc7 29. d5 cxd5 30. cxd5 Rc5 31. Qf4 Qxf4 32. Rxf4 exd5 33. b3 Rd8 34. Kg2 d4 35. Rfe4 Bf6 36. Re8+ Rxe8 37. Rxe8+ Kg7 38. Kf3 d3 39. Ke3 Rd5 40. Kd2 Bc3+ 41. Kd1 Rf5 42. f4 Rh5 43. Bc6 Rh2 44. Be4 Rd2+ 45. Kc1 Re2 46. Bc6 Re1+ 47. Rxe1 d2+ 48. Kd1 dxe1=Q+ 0-1


[Site "https://www.chess.com"]

[Event "Titled Tuesday Blitz April 26 Late 2022"]
[White "Paravyan, David"]
[Black "Bellissimo, Joseph F."]
[WhiteFideId "4194985"]
[BlackFideId "2609843"]
[WhiteElo "2569"]
[BlackElo "2061"]
[Result "1-0"]
[Round "04"]
[TimeControl "180+1"]
[Date "2022.04.26"]
[WhiteClock "0:00:08"]
[BlackClock "0:00:01"]

1. e4 e6 2. d4 d5 3. Nc3 Nf6 4. Bg5 dxe4 5. Nxe4 Be7 6. Nxf6+ Bxf6 7. Bxf6 Qxf6 8. Nf3 Nc6 9. Bb5 Bd7 10. Qe2 O-O-O 11. O-O-O g5 12. Qe3 g4 13. Ne5 Nb8 14. Nxg4 Qg7 15. Be2 f6 16. Qf4 Rhf8 17. Ne3 Bc6 18. Qg3 Qf7 19. Rhe1 Rg8 20. Qh3 Nd7 21. Bh5 Qg7 22. Qxe6 Kb8 23. g3 Nb6 24. h4 Qh6 25. Be2 Bd5 26. Qf5 Bxa2 27. b3 Rd5 28. Qf4 Qf8 29. Bd3 Qa3+ 30. Kd2 Qb4+ 31. Ke2 Rxd4 32. Qxf6 Re8 33. Kf1 Rd6 34. Qf4 Qc3 35. Nf5 Rdd8 36. Rxe8 Rxe8 37. Qd4 Qc6 38. Kg1 Rf8 39. Be4 Qe8 40. Bg2 a6 41. Ne3 Qf7 42. Rd2 Qe7 43. Qb2 Bxb3 44. Qxb3 Qc5 45. Rd1 Qe5 46. Qd3 Rg8 47. Nc4 Qc5 48. Nxb6 Qxb6 49. c3 Rf8 50. Qd4 Qb2 51. Be4 a5 52. Rb1 Qa3 53. Rxb7+ Kc8 54. Rb1 Qe7 55. Bg2 Qe6 56. Bb7+ 1-0


[Site "https://www.chess.com"]

[Event "Titled Tuesday Blitz April 26 Late 2022"]
[White "Pasti, Aron"]
[Black "Karttunen, Mika"]
[WhiteFideId "785857"]
[BlackFideId "502081"]
[WhiteElo "2133"]
[BlackElo "2343"]
[Result "0-1"]
[Round "04"]
[TimeControl "180+1"]
[Date "2022.04.26"]
[WhiteClock "0:01:14"]
[BlackClock "0:00:34"]

1. e4 Nf6 2. e5 Nd5 3. d4 d6 4. c4 Nb6 5. f4 dxe5 6. fxe5 Bf5 7. Nc3 e6 8. Be3 Nc6 9. Be2 Be7 10. Nf3 O-O 11. O-O f6 12. exf6 Bxf6 13. h3 Qe7 14. Qe1 Rad8 15. Rd1 Nb4 16. Rd2 Nc2 17. Qf2 Nxe3 18. Qxe3 Rfe8 19. g4 Qd6 20. gxf5 Qg3+ 21. Kh1 Qxh3+ 22. Kg1 Qg3+ 23. Kh1 Qh3+ 24. Kg1 exf5 25. Qf2 Re4 26. Nxe4 fxe4 27. d5 exf3 28. Qxf3 Qh4 29. Qf2 Qg5+ 30. Bg4 Qxg4+ 31. Kh1 Nxc4 32. Rd3 Ne5 33. Rg3 Qe4+ 34. Kg1 Ng6 0-1


[Site "https://www.chess.com"]

[Event "Titled Tuesday Blitz April 26 Late 2022"]
[White "Petrovic, Aleksa"]
[Black "Salimova, Nurgyul"]
[WhiteFideId "967629"]
[BlackFideId "2915138"]
[WhiteElo "2198"]
[BlackElo "2185"]
[Result "0-1"]
[Round "04"]
[TimeControl "180+1"]
[Date "2022.04.26"]
[WhiteClock "0:00:03"]
[BlackClock "0:00:08"]

1. d4 Nf6 2. c4 e6 3. Nf3 d5 4. Nc3 c6 5. e3 Nbd7 6. Qc2 Bd6 7. Bd3 b6 8. b3 Bb7 9. Bb2 O-O 10. O-O Qe7 11. Rad1 Rac8 12. Rfe1 Rfd8 13. Qb1 h6 14. h3 Bb4 15. Re2 dxc4 16. Bxc4 c5 17. Ne5 cxd4 18. exd4 Bxc3 19. Bxc3 b5 20. Ba5 bxc4 21. Bxd8 Qxd8 22. bxc4 Ba8 23. d5 Nxe5 24. Rxe5 exd5 25. cxd5 Qd6 26. Qf5 Rd8 27. Rde1 Bxd5 28. Re7 Be6 29. R7xe6 fxe6 30. Rxe6 Qd1+ 31. Kh2 Qd7 32. Qe5 Qf7 33. Re7 Qg6 34. Rxa7 Kh7 35. Re7 Rd2 36. Qg3 Qxg3+ 37. Kxg3 Rxa2 38. f3 Ra5 39. Kf2 Kg6 40. Re2 Ra4 41. g4 Nd5 42. Kg3 Nf4 43. Re5 Nd3 44. Re6+ Kf7 45. Rd6 Ne5 46. f4 Ng6 47. f5 Ne5 48. Re6 Nd7 49. Kg2 Nf6 50. Rc6 Ra3 51. Kh2 Nd5 52. Rd6 Nf4 53. h4 Rh3+ 54. Kg1 Rxh4 55. Rd4 Rxg4+ 56. Kh2 Kf6 57. Rd6+ Kxf5 58. Rd7 Rg2+ 59. Kh1 Rg6 60. Rf7+ Rf6 61. Rxg7 h5 62. Rh7 Kg4 63. Rg7+ Kh3 64. Rh7 h4 65. Ra7 Rg6 66. Ra3+ Rg3 67. Ra2 Rf3 68. Rh2+ Kg3 69. Kg1 Rf1+ 70. Kxf1 Kxh2 71. Kf2 h3 72. Kf1 Ng6 73. Kf2 Ne5 74. Kf1 Ng4 0-1


[Site "https://www.chess.com"]

[Event "Titled Tuesday Blitz April 26 Late 2022"]
[White "Pichot, Alan"]
[Black "Pesotskiy, Mikhail"]
[WhiteFideId "110973"]
[BlackFideId "34164453"]
[WhiteElo "2579"]
[BlackElo "2010"]
[Result "1/2-1/2"]
[Round "04"]
[TimeControl "180+1"]
[Date "2022.04.26"]
[WhiteClock "0:00:13"]
[BlackClock "0:00:18"]

1. e4 e6 2. d4 d5 3. Nd2 Nf6 4. e5 Nfd7 5. Bd3 c5 6. c3 Nc6 7. Ne2 cxd4 8. cxd4 f6 9. exf6 Qxf6 10. Nf3 h6 11. O-O Bd6 12. Ng3 O-O 13. Be3 Rd8 14. Re1 Nf8 15. a3 Bd7 16. b4 a6 17. Rc1 Be8 18. Qc2 Bg6 19. Qb1 Rac8 20. Re2 Bxd3 21. Qxd3 Ng6 22. Rec2 Nf4 23. Qb3 Rf8 24. Bxf4 Qxf4 25. Qe3 Qxe3 26. fxe3 Ne7 27. Ne2 Rxc2 28. Rxc2 Rc8 29. Rxc8+ Nxc8 30. Kf2 Nb6 31. Nd2 Kf7 32. Kf3 Nc4 33. Nxc4 dxc4 34. e4 a5 35. e5 Be7 36. bxa5 Bxa3 37. Ke4 Bb4 38. d5 Bxa5 39. d6 b5 40. Kd4 Bb6+ 41. Kc3 Bc5 42. Nd4 Bxd4+ 43. Kxd4 Ke8 44. Kc3 Kd7 45. Kb4 Kc6 46. Kc3 Kd7 47. g4 Kc6 48. h4 g5 49. h5 Kd7 50. Kd4 Kc6 51. Kc3 Kd7 52. Kb4 Kc6 53. Kc3 1/2-1/2


[Site "https://www.chess.com"]

[Event "Titled Tuesday Blitz April 26 Late 2022"]
[White "Piekarski, Atila Balzer"]
[Black "Ouellet, Maili-Jade"]
[WhiteFideId "2119552"]
[BlackFideId "2620472"]
[WhiteElo "2050"]
[BlackElo "1899"]
[Result "0-1"]
[Round "04"]
[TimeControl "180+1"]
[Date "2022.04.26"]
[WhiteClock "0:00:02"]
[BlackClock "0:00:11"]

1. d4 d5 2. Bg5 h6 3. Bh4 c6 4. Nc3 Nd7 5. e4 dxe4 6. Nxe4 Ngf6 7. Nxf6+ Nxf6 8. Bc4 Bf5 9. Nf3 e6 10. O-O Be7 11. c3 O-O 12. h3 Rc8 13. Ne5 Nd5 14. Bxe7 Qxe7 15. Qb3 Rc7 16. Rae1 Qg5 17. Bxd5 cxd5 18. f4 Qg3 19. Kh1 Be4 20. Re2 Qxh3+ 21. Kg1 Qg3 22. Qd1 f6 23. Nf3 g5 24. Qe1 Qg4 25. Nd2 Bd3 26. Rxe6 Bxf1 27. Nxf1 Qxf4 28. Qe2 Qf5 29. Re3 Rh7 30. Ng3 Qd7 31. Nh5 f5 32. Qd3 Rhf7 33. Re5 Re8 34. Ng3 Rxe5 35. dxe5 Qe6 36. Qd4 Re7 37. Nh5 Qxe5 38. Nf6+ Kf7 0-1


[Site "https://www.chess.com"]

[Event "Titled Tuesday Blitz April 26 Late 2022"]
[White "Proudian, Armen"]
[Black "Chuemsakul, Sarocha"]
[WhiteFideId "2130734"]
[BlackFideId "6203710"]
[WhiteElo "2380"]
[BlackElo "1703"]
[Result "0-1"]
[Round "04"]
[TimeControl "180+1"]
[Date "2022.04.26"]
[WhiteClock "0:00:16"]
[BlackClock "0:00:13"]

1. e4 g6 2. d4 Bg7 3. Nc3 a6 4. Be3 b5 5. Nf3 d6 6. a4 b4 7. Na2 a5 8. c3 bxc3 9. Nxc3 Nd7 10. Bb5 Bb7 11. h4 h5 12. Ng5 Nf6 13. f3 O-O 14. Rc1 c6 15. Be2 Ba6 16. g4 Bxe2 17. Qxe2 Rb8 18. gxh5 Nxh5 19. Rg1 Qb6 20. d5 Qxb2 21. Qxb2 Rxb2 22. dxc6 Ne5 23. Nd5 Nd3+ 24. Kd1 Nxc1 25. Bxc1 Rb3 26. Nxe7+ Kh8 27. c7 Rc3 28. c8=Q Rcxc8 29. Nxc8 Rxc8 30. Nxf7+ Kg8 31. Nxd6 Rd8 32. Rxg6 Kh7 33. Re6 Bf8 34. e5 Ng7 35. Rf6 Nh5 36. Rf7+ Kg8 37. Rf5 Bxd6 38. exd6 Rxd6+ 39. Kc2 Nf6 40. Rxa5 Rd4 41. Bg5 Nd5 42. Ra8+ Kf7 43. a5 Ra4 44. Kb3 Rb4+ 45. Ka3 Rb1 46. Ra7+ Kg6 47. Bd2 Rd1 48. Bb4 Ra1+ 49. Kb3 Rb1+ 50. Kc4 Nxb4 51. Ra6+ Nxa6 52. f4 Kf5 53. h5 Kxf4 54. h6 Rh1 55. Kb5 Rxh6 56. Kc4 Ke5 57. Kb5 Rf6 58. Kc4 Kd6 59. Kb5 Kc7 60. Kc4 Rc6+ 61. Kb5 Kb7 62. Ka4 Rc5 63. Kb3 Kc6 64. Ka4 Rc4+ 65. Kb3 Kb5 66. Ka3 Ra4+ 67. Kb3 Rxa5 68. Kb2 Ra4 69. Kb1 Kc4 70. Kb2 Nb4 71. Kb1 Kc3 72. Kc1 Ra1# 0-1


[Site "https://www.chess.com"]

[Event "Titled Tuesday Blitz April 26 Late 2022"]
[White "Przybylski, Wojciech"]
[Black "Tanenbaum, Zachary"]
[WhiteFideId "1117599"]
[BlackFideId "2060850"]
[WhiteElo "2133"]
[BlackElo "2168"]
[Result "0-1"]
[Round "04"]
[TimeControl "180+1"]
[Date "2022.04.26"]
[WhiteClock "0:00:35"]
[BlackClock "0:01:18"]

1. d4 d5 2. Nf3 Bf5 3. c4 e6 4. Nc3 c6 5. g3 Nf6 6. Bg2 Nbd7 7. O-O Be7 8. Ne5 Nxe5 9. dxe5 Nd7 10. cxd5 cxd5 11. f4 Nc5 12. e3 O-O 13. g4 Bd3 14. Ne2 Be4 15. Nd4 Rc8 16. Bd2 Qb6 17. b3 Nd3 18. Qe2 Bc5 19. Bxe4 dxe4 20. Nf3 Nxf4 21. Qe1 exf3 22. Rxf3 Rfd8 23. Ba5 Nd3 24. Qd2 Nxe5 25. Qxd8+ Rxd8 26. Bxb6 Nxf3+ 27. Kf2 Bxb6 28. Kxf3 Rd3 29. Rc1 Rxe3+ 30. Kf4 g6 31. g5 e5+ 32. Kg4 h5+ 33. gxh6 Bd8 0-1


[Site "https://www.chess.com"]

[Event "Titled Tuesday Blitz April 26 Late 2022"]
[White "Qiao, Cindy"]
[Black "Remolar Gallen, Jose"]
[WhiteFideId "2620243"]
[BlackFideId "2215187"]
[WhiteElo "2242"]
[BlackElo "2205"]
[Result "1/2-1/2"]
[Round "04"]
[TimeControl "180+1"]
[Date "2022.04.26"]
[WhiteClock "0:00:21"]
[BlackClock "0:00:04"]

1. d4 d5 2. Bf4 Nf6 3. e3 e6 4. Nf3 Bd6 5. Bg3 O-O 6. Bd3 c5 7. c3 Qc7 8. dxc5 Qxc5 9. Nbd2 Qc7 10. e4 e5 11. O-O Nc6 12. Bh4 Nxe4 13. Nxe4 dxe4 14. Bxe4 f5 15. Bd5+ Kh8 16. Ng5 g6 17. Re1 e4 18. Nf7+ Kg7 19. Nxd6 Qxd6 20. Bxc6 Qxd1 21. Raxd1 bxc6 22. Be7 Rf7 23. Bc5 Be6 24. b3 a5 25. Rd6 Bd7 26. Red1 Be8 27. Bd4+ Kg8 28. Be5 a4 29. c4 axb3 30. axb3 Kf8 31. g3 Rb8 32. Rb1 Re7 33. Bf4 Rc8 34. Rf6+ Kg7 35. Rd6 Rd7 36. Rxd7+ Bxd7 37. Rd1 Be6 38. Rd6 Kf7 39. h3 Ke7 40. c5 Kf7 41. b4 Bd5 42. Be5 Re8 43. Bf4 Re6 44. Rd7+ Re7 45. Rd6 Rb7 46. g4 fxg4 47. hxg4 Rxb4 48. Be3 Rb7 49. Kg2 Ke7 50. Kg3 Rd7 51. Rxd7+ Kxd7 52. Kf4 Ke6 53. Kg5 Kf7 54. Kh6 Kg8 55. Bd4 Be6 56. g5 Bg4 57. Be3 Bf3 58. Bd4 Bh5 59. Be3 Kf7 60. Kxh7 Ke6 61. Kg7 Kd5 62. Kf6 Kc4 63. Ke5 Bf3 64. Kd6 Kb5 65. Ke5 Kc4 66. Kf6 Bh5 67. Ke5 Bf3 1/2-1/2


[Site "https://www.chess.com"]

[Event "Titled Tuesday Blitz April 26 Late 2022"]
[White "Richter, Nils"]
[Black "Alekseenko, Kirill"]
[WhiteFideId "12990809"]
[BlackFideId "4135539"]
[WhiteElo "2243"]
[BlackElo "2682"]
[Result "0-1"]
[Round "04"]
[TimeControl "180+1"]
[Date "2022.04.26"]
[WhiteClock "0:00:05"]
[BlackClock "0:01:05"]

1. d4 d5 2. c4 dxc4 3. e4 Nf6 4. e5 Nd5 5. Bxc4 Nb6 6. Bb3 Nc6 7. Ne2 Bf5 8. Nbc3 e6 9. O-O Qd7 10. Ng3 Bg6 11. Be3 O-O-O 12. a4 Nxd4 13. a5 Na8 14. a6 bxa6 15. Bc4 Nb6 16. Bxa6+ Kb8 17. Bxd4 Qxd4 18. Qf3 Nd5 19. Ra4 Qb6 20. h4 h5 21. Rfa1 Bb4 22. Bc4 a5 23. Bxd5 exd5 24. Nxd5 Qb7 25. Nxb4 Qxf3 26. gxf3 axb4 27. Rxb4+ Kc8 28. f4 Kd7 29. f5 Bh7 30. Ra7 Rhe8 31. Rd4+ Kc6 32. Rc4+ Kd5 33. Rcxc7 Kxe5 34. Rxf7 Kf4 35. Kg2 Bg8 36. Nxh5+ Kg4 37. Nxg7 Bxf7 38. Rxf7 Re2 39. Ne6 Rdd2 40. Kf1 Rxf2+ 41. Ke1 Rde2+ 42. Kd1 Rxb2 43. Kc1 Rfc2+ 44. Kd1 Rh2 45. Kc1 Rbc2+ 46. Kb1 Rcd2 47. Rc7 Kxf5 48. Ng7+ Kg6 49. Ne6 Rb2+ 50. Ka1 Rbf2 51. Kb1 Kf5 52. Nd4+ Ke4 53. Nb3 Rb2+ 54. Ka1 Rxb3 55. Rc4+ Kd3 56. Rd4+ Kxd4 0-1


[Site "https://www.chess.com"]

[Event "Titled Tuesday Blitz April 26 Late 2022"]
[White "Romero Ruscalleda, Josep"]
[Black "Le Goff, Ronan"]
[WhiteFideId "2231859"]
[BlackFideId "612073"]
[WhiteElo "2322"]
[BlackElo "2276"]
[Result "0-1"]
[Round "04"]
[TimeControl "180+1"]
[Date "2022.04.26"]
[WhiteClock "0:00:07"]
[BlackClock "0:00:22"]

1. e4 e5 2. Nf3 Nc6 3. Bc4 Nf6 4. d4 exd4 5. e5 d5 6. Bb5 Ne4 7. Nxd4 Bc5 8. Be3 O-O 9. Bxc6 bxc6 10. O-O Qe8 11. Re1 Qxe5 12. Nxc6 Qxb2 13. Bxc5 Nxc5 14. Qxd5 Be6 15. Qd4 Qb6 16. Ne5 Rad8 17. Qc3 Na4 18. Qa3 Qd4 19. c3 Qxe5 20. Nd2 Qxc3 21. Qxa4 Qxd2 22. Qxa7 h5 23. Qxc7 h4 24. h3 Ra8 25. a4 Rfc8 26. Qe5 Qd5 27. Qf4 Rc4 28. Qe3 Rcxa4 29. Rad1 Qf5 30. Qc5 Qxc5 0-1


[Site "https://www.chess.com"]

[Event "Titled Tuesday Blitz April 26 Late 2022"]
[White "Rosen, Eric"]
[Black "Stanisz, Patryk"]
[WhiteFideId "2032562"]
[BlackFideId "1123106"]
[WhiteElo "2362"]
[BlackElo "1833"]
[Result "1-0"]
[Round "04"]
[TimeControl "180+1"]
[Date "2022.04.26"]
[WhiteClock "0:00:50"]
[BlackClock "0:00:02"]

1. d4 d5 2. Bf4 Nf6 3. e3 c5 4. Nf3 Nc6 5. Nbd2 e6 6. c3 cxd4 7. exd4 Nh5 8. Be3 Bd6 9. Ne5 g6 10. g4 Ng7 11. h4 h5 12. Bg5 Be7 13. Bb5 Bd7 14. Bxc6 Bxc6 15. Qf3 O-O 16. Bh6 Bf6 17. gxh5 Bxe5 18. dxe5 d4 19. Ne4 Bxe4 20. Qxe4 dxc3 21. bxc3 Rc8 22. Rh3 Nxh5 23. Rd1 Qe7 24. Bxf8 Kxf8 25. Rhd3 Rc7 26. Rd8+ Kg7 27. Rb8 Qa3 28. Qb4 Qxb4 29. cxb4 b6 30. Rdd8 Kh6 31. Rh8+ Kg7 32. Rbg8# 1-0


[Site "https://www.chess.com"]

[Event "Titled Tuesday Blitz April 26 Late 2022"]
[White "Rozman, Levy"]
[Black "Golubev, Mikhail"]
[WhiteFideId "2039877"]
[BlackFideId "14100983"]
[WhiteElo "2726"]
[BlackElo "2492"]
[Result "1-0"]
[Round "04"]
[TimeControl "180+1"]
[Date "2022.04.26"]
[WhiteClock "0:00:27"]
[BlackClock "0:00:12"]

1. d4 Nf6 2. Bg5 Ne4 3. h4 c6 4. Nd2 Qa5 5. Nf3 d6 6. c3 Nxg5 7. hxg5 g6 8. e4 Bg7 9. Bc4 Bg4 10. Rh4 Bxf3 11. Qxf3 e6 12. Qe3 Nd7 13. f4 O-O-O 14. O-O-O d5 15. Bb3 c5 16. exd5 exd5 17. Bxd5 cxd4 18. Qf3 Nc5 19. Nc4 Qc7 20. cxd4 Ne6 21. Bxe6+ fxe6 22. Kb1 Rxd4 23. Rxd4 Bxd4 24. Qe2 Rd8 25. Qxe6+ Kb8 26. a3 Rc8 27. Qd6 Qxd6 28. Nxd6 Rd8 29. Nf7 Rd7 30. Rxh7 Kc7 31. g4 Be3 32. f5 gxf5 33. gxf5 1-0


[Site "https://www.chess.com"]

[Event "Titled Tuesday Blitz April 26 Late 2022"]
[White "Rustemov, Alexander"]
[Black "Jobava, Baadur"]
[WhiteFideId "4119002"]
[BlackFideId "13601520"]
[WhiteElo "2870"]
[BlackElo "2617"]
[Result "0-1"]
[Round "04"]
[TimeControl "180+1"]
[Date "2022.04.26"]
[WhiteClock "0:00:35"]
[BlackClock "0:01:31"]

1. d4 Nf6 2. c4 g6 3. Nf3 Bg7 4. g3 O-O 5. Bg2 d5 6. cxd5 Nxd5 7. O-O Nc6 8. Nc3 Nb6 9. e3 Re8 10. Re1 Bd7 11. h3 Qc8 12. Kh2 e5 13. d5 Na5 14. e4 Nac4 15. b3 Nd6 16. Be3 h6 17. Qd2 Kh7 18. Rac1 Qd8 19. a4 Nbc8 20. Qc2 Re7 21. Nd2 Ne8 22. b4 Ncd6 23. Qd3 b6 24. b5 f5 25. Nc4 Nxc4 26. Qxc4 Nd6 27. Qd3 Qf8 28. f3 f4 29. gxf4 exf4 30. Bd4 Re5 31. Ne2 Rc8 32. Bxe5 Bxe5 33. Nd4 Qf6 34. Nc6 Bxc6 35. Rxc6 Qh4 36. Rec1 Nf7 37. Qf1 h5 38. Qe1 Qg5 39. h4 Qd8 40. Bh3 Rb8 41. Re6 Bd4 42. Rcc6 Ne5 43. Kg2 Nd3 44. Qd2 Qxh4 45. Qxd3 Qf2+ 46. Kh1 Qg1# 0-1


[Site "https://www.chess.com"]

[Event "Titled Tuesday Blitz April 26 Late 2022"]
[White "Sadovsky, Artem"]
[Black "Martinez Reyes, Pedro Ramon"]
[WhiteFideId "4155840"]
[BlackFideId "3901807"]
[WhiteElo "2314"]
[BlackElo "2410"]
[Result "1-0"]
[Round "04"]
[TimeControl "180+1"]
[Date "2022.04.26"]
[WhiteClock "0:00:07"]
[BlackClock "0:00:05"]

1. c4 Nf6 2. g3 d5 3. cxd5 Qxd5 4. Nf3 Nc6 5. Nc3 Qh5 6. Bg2 Bh3 7. Bxh3 Qxh3 8. Qa4 O-O-O 9. Ng5 Qf5 10. Nxf7 Rd4 11. Qb5 e5 12. Nxh8 Bb4 13. e3 a6 14. Qe2 Rd7 15. f3 Bc5 16. a3 Re7 17. Ne4 Bb6 18. O-O Qd7 19. Nxf6 gxf6 20. Qc4 Qe8 21. b4 Qxh8 22. Bb2 h5 23. Rad1 h4 24. Qxh4 Qg7 25. Qg4+ Kd8 26. Qxg7 Rxg7 27. g4 Ne7 28. Kg2 Ng6 29. Kg3 c6 30. h4 Bc7 31. h5 Nh8 32. d4 Nf7 33. dxe5+ Ke7 34. f4 fxe5 35. Rfe1 Ke6 36. f5+ Kf6 37. e4 Nh6 38. Kf3 Rxg4 39. Rg1 Rf4+ 40. Ke2 Rxe4+ 41. Kd3 Rg4 42. Rxg4 Nxg4 43. Rf1 Bd6 44. Ke4 Nh6 45. Rg1 Kf7 46. Rg6 Ng8 47. Rxd6 Ne7 48. Bxe5 Ng8 49. Rd7+ Ke8 50. Rxb7 Ne7 51. h6 Nd5 1-0


[Site "https://www.chess.com"]

[Event "Titled Tuesday Blitz April 26 Late 2022"]
[White "Sanchez Alvares, Kelvin Antonio"]
[Black "Butti, Enrique"]
[WhiteFideId "3906680"]
[BlackFideId "3700470"]
[WhiteElo "2193"]
[BlackElo "2080"]
[Result "0-1"]
[Round "04"]
[TimeControl "180+1"]
[Date "2022.04.26"]
[WhiteClock "0:00:04"]
[BlackClock "0:01:00"]

1. e4 c5 2. Nc3 Nc6 3. g3 g6 4. Bg2 Bg7 5. Nge2 d6 6. O-O h5 7. h3 h4 8. g4 f5 9. exf5 gxf5 10. g5 e6 11. d3 Nge7 12. f4 Qd7 13. Be3 Nd4 14. Qd2 Ng6 15. Nd1 Rb8 16. c3 Nxe2+ 17. Qxe2 b6 18. Bf3 Bb7 19. Bh5 Kf7 20. Kh2 Rbg8 21. a4 a6 22. a5 b5 23. Rc1 Bf8 24. b4 Ke8 25. c4 cxb4 26. Bd4 Rxh5 27. Qxh5 Qc6 28. Qe2 Nxf4 29. Qf2 Rxg5 30. Ne3 Rg3 31. Rg1 Rxh3# 0-1


[Site "https://www.chess.com"]